Map: [ESL] Oceanborn

Players

Nanami

  • Race: Protoss Protoss
  • Spawn Location: 5:00

Coffee - Winner!

  • Race: Terran Terran
  • Spawn Location: 11:00

Event: ESL SC2 Masters 2024 Spring (Regional)

VOD

Have the link to the VOD?

Description

Time

  • Played on: April 27, 2024, 7:53 a.m.
  • Length: 12:17

All games in this series

Show
View Real Time Build Order
Export as new Build Order

Nanami Protoss 

Build Orders: 1 Gate Expand, Phoenix Opening, Blink Stalkers 

Get SALT Encoding   

  12  0:00  Probe  
  13  0:12  Probe  
  14  0:17  Pylon  
  14  0:25  Probe (Chrono Boost)  
  16  0:37  Probe (Chrono Boost), Gateway  
  16  0:43  Probe (Chrono Boost)  
  16  0:45  Assimilator  
  17  0:51  Probe  
  18  1:03  Probe  
  19  1:15  Probe  
  20  1:24  Cybernetics Core  
  20  1:32  Nexus  
  20  1:35  Probe  
  21  1:42  Pylon  
  21  1:48  Assimilator  
  21  1:50  Probe  
  21  2:00  Sentry  
  23  2:03  Probe  
  23  2:06  Warp Gate (Chrono Boost)  
  24  2:15  Probe  
  25  2:23  Stalker  
  25  2:27  Probe  
  28  2:30  Phoenix  
  28  2:34  Gateway  
  28  2:39  Probe  
  28  2:42  Twilight Council  
  29  2:45  Probe  
  31  2:51  Probe  
  31  2:53  Stalker  
  33  2:58  Probe  
  33  3:03  Probe, Shield Battery  
  35  3:10  Probe  
  35  3:12  Blink (Chrono Boost)  
  36  3:15  Probe  
  37  3:22  Probe  
  38  3:27  Probe  
  36  3:35  Probe  
  36  3:39  Probe  
  38  3:47  Probe  
  39  3:50  Nexus  
  39  3:52  Probe  
  39  3:53  Pylon  
  40  3:59  Probe  
  40  4:00  Stalker  
  43  4:04  Probe  
  43  4:06  Stalker  
  46  4:11  Probe  
  46  4:13  Assimilator  
  46  4:16  Probe  
  48  4:21  Pylon  
  48  4:23  Probe  
  48  4:24  Stalker  
  51  4:29  Gateway  
  51  4:32  Phoenix  
  51  4:36  Probe  
  51  4:38  Robotics Facility  
  52  4:40  Probe  
  52  4:42  Stalker  
  55  4:48  Probe  
  55  4:52  Probe  
  57  4:57  Forge  
  57  5:00  Probe  
  57  5:01  Pylon  
  57  5:02  Probe  
  57  5:04  Probe  
  57  5:05  Stalker  
  62  5:08  Charge  
  62  5:12  Probe (Chrono Boost)  
  63  5:15  Probe (Chrono Boost)  
  63  5:16  Probe (Chrono Boost)  
  65  5:21  Stalker  
  65  5:24  Probe (Chrono Boost)  
  65  5:26  Probe x2 (Chrono Boost)  
  65  5:28  Observer  
  69  5:29  Probe (Chrono Boost)  
  69  5:30  Probe (Chrono Boost)  
  69  5:31  Robotics Bay  
  69  5:32  Protoss Ground Weapons Level 1  
  69  5:35  Probe (Chrono Boost)  
  73  5:41  Probe (Chrono Boost)  
  75  5:43  Probe (Chrono Boost)  
  75  5:44  Assimilator  
  75  5:47  Observer  
  77  5:50  Probe x2 (Chrono Boost)  
  77  5:52  Probe (Chrono Boost)  
  77  5:55  Probe, Gateway  
  79  5:57  Probe  
  79  5:59  Pylon  
  79  6:03  Nexus  
  81  6:07  Observer (Chrono Boost)  
  82  6:11  Gateway x2  
  82  6:17  Gateway  
  82  6:22  Colossus (Chrono Boost)  
  82  6:24  Gateway  
  82  6:27  Extended Thermal Lance  
  82  6:31  Pylon  
  88  6:35  Shield Battery  
  88  6:39  Probe x3  
  91  6:41  Pylon  
  91  6:43  Pylon  
  91  6:47  Stalker  
  91  6:53  Probe x2  
  95  6:55  Probe  
  95  7:00  Stalker x2  
  100  7:03  Stalker  
  99  7:14  Pylon  
  99  7:16  Pylon  
  99  7:19  Nexus  
  99  7:21  Pylon  
  99  7:22  Pylon, Probe x2  
  101  7:24  Pylon  
  101  7:26  Forge  
  101  7:29  Colossus (Chrono Boost)  
  101  7:32  Probe  
  101  7:34  Probe x2  
  101  7:35  Gateway  
  110  7:40  Protoss Ground Weapons Level 2 (Chrono Boost)  
  110  7:42  Pylon, Gateway  
  110  7:43  Shield Battery  
  110  7:44  Probe  
  110  7:46  Probe  
  110  7:50  Probe  
  113  7:54  Protoss Ground Armor Level 1 (Chrono Boost)  
  113  7:56  Probe  
  114  8:00  Shield Battery  
  114  8:01  Zealot x2  
  114  8:02  Zealot x5  
  128  8:12  Colossus (Chrono Boost)  
  128  8:17  Zealot  
  136  8:22  Zealot x3, Templar Archives  
  142  8:31  Photon Cannon  
  142  8:34  Pylon  
  142  8:38  Zealot x4  
  142  8:39  Zealot  
  152  8:46  Zealot x3  
  158  8:50  Zealot x2  
  150  9:02  Zealot x5  
  138  9:04  Assimilator  
  138  9:07  High Templar  
  138  9:08  High Templar  
  139  9:10  Zealot  
  139  9:12  Archon  
  139  9:14  Zealot x2  
  139  9:16  Warp Prism (Chrono Boost)  
  147  9:21  Pylon  
  145  9:27  Stalker x3  
  113  9:37  High Templar  
  113  9:38  Zealot x3, High Templar  
  101  9:41  Stalker  
  101  9:42  Archon  
  101  9:44  Zealot  
  111  9:52  Stalker x3  
  115  9:59  Zealot x2  
  119  10:00  Zealot  
  119  10:05  Zealot x2  
  125  10:11  Zealot x2  
  111  10:20  Stalker x3  
  111  10:21  Stalker  
  103  10:27  Zealot, High Templar x2  
  101  10:31  Archon  
  101  10:32  Zealot  
  101  10:33  Zealot x2  
Show
View Real Time Build Order
Export as new Build Order

Coffee Terran - Winner!

Build Orders:  

Get SALT Encoding   

  12  0:00  SCV  
  13  0:12  SCV  
  14  0:16  Supply Depot  
  14  0:24  SCV  
  15  0:38  SCV  
  15  0:40  Barracks  
  16  0:43  Refinery  
  16  0:50  SCV  
  17  1:02  SCV  
  18  1:14  SCV  
  19  1:27  Orbital Command, Marine  
  20  1:41  Command Center  
  20  1:49  Factory  
  20  1:53  SCV  
  21  1:59  Supply Depot  
  21  2:03  Barracks Reactor  
  21  2:05  SCV  
  22  2:18  SCV  
  23  2:34  Command Center  
  23  2:43  Hellion  
  23  2:44  Hellion  
  27  2:46  SCV, Barracks Tech Lab  
  27  2:50  Refinery  
  29  2:58  SCV  
  29  3:04  Barracks  
  29  3:10  SCV  
  30  3:15  Siege Tank  
  33  3:22  Orbital Command  
  33  3:26  SCV  
  34  3:28  Marine  
  33  3:38  SCV  
  32  3:47  Orbital Command  
  32  3:48  Siege Tank  
  35  3:50  SCV  
  35  3:51  SCV  
  35  3:52  Barracks Tech Lab  
  37  3:56  Marine x2  
  39  4:04  Barracks  
  39  4:05  SCV  
  39  4:06  SCV  
  41  4:11  Stimpack  
  41  4:13  Marine  
  41  4:14  Marine x2  
  44  4:19  SCV x3  
  50  4:30  Refinery, Engineering Bay  
  47  4:33  SCV x2, Supply Depot  
  47  4:34  SCV  
  47  4:38  Marine x3  
  50  4:45  SCV x2  
  55  4:46  SCV  
  55  4:52  Supply Depot  
  56  4:56  Terran Infantry Weapons Level 1  
  56  4:57  SCV x2, Factory Reactor, Starport  
  58  5:02  SCV  
  58  5:03  Marine x3  
  58  5:04  Marine  
  58  5:06  Combat Shield  
  63  5:10  SCV  
  63  5:11  SCV  
  65  5:14  SCV, Supply Depot  
  66  5:22  SCV  
  66  5:25  Marine x2  
  66  5:26  SCV  
  66  5:27  SCV, Marine x2  
  72  5:31  Refinery  
  72  5:35  Barracks x2  
  72  5:41  Medivac x2, Factory Tech Lab  
  72  5:42  SCV x2  
  78  5:43  SCV  
  78  5:44  Marine x2  
  81  5:50  Supply Depot  
  81  5:52  Supply Depot  
  81  5:54  Marauder x2  
  81  5:55  Concussive Shells  
  85  6:04  Missile Turret  
  85  6:05  Missile Turret  
  85  6:12  SCV x3, Siege Tank, Marine x2  
  93  6:19  Viking  
  93  6:20  Viking  
  93  6:23  Marauder  
  93  6:24  Marauder  
  101  6:29  Supply Depot  
  101  6:30  Barracks Reactor  
  101  6:31  Supply Depot  
  101  6:32  Barracks Tech Lab  
  101  6:47  Supply Depot  
  101  6:49  Supply Depot  
  101  6:50  SCV x2, Terran Infantry Armor Level 1, Marine x2  
  101  6:52  Marauder x2  
  109  6:57  Medivac x2  
  109  6:59  Orbital Command  
  112  7:09  Marine x3, Marauder  
  112  7:10  Marine  
  112  7:12  SCV x2  
  112  7:13  Marauder  
  122  7:24  Siege Tank, Marauder  
  122  7:27  SCV x3  
  130  7:30  Marauder  
  130  7:31  Missile Turret  
  132  7:39  SCV  
  132  7:42  Liberator x2, Bunker  
  139  7:48  Missile Turret  
  139  7:50  Supply Depot, Refinery  
  138  7:51  Supply Depot  
  138  7:54  SCV x3  
  138  7:56  Marauder  
  143  7:59  Marauder  
  143  8:04  Marauder  
  147  8:08  Marine x2  
  147  8:12  SCV x3, Refinery, Marine x2  
  154  8:18  Supply Depot  
  154  8:20  Supply Depot  
  154  8:24  Marauder x2  
  154  8:25  Marauder  
  160  8:34  Supply Depot  
  160  8:35  Liberator  
  160  8:39  Liberator, Siege Tank  
  169  8:44  Supply Depot x2  
  160  8:59  Marauder x3  
  160  9:01  Marine x3  
  160  9:02  Marine  
  156  9:13  SCV x2  
  158  9:19  Marine x3  
  158  9:20  Liberator  
  158  9:21  Marauder x2  
  158  9:22  Liberator  
  169  9:26  Marauder  
  141  9:35  Siege Tank  
  141  9:36  Marine  
  141  9:37  Marine x3  
  143  9:42  Marauder x2  
  143  9:44  Command Center  
  147  9:48  Marauder  
  148  10:00  Marine x2  
  148  10:01  Marine  
  148  10:03  Armory, Marauder  
  148  10:04  Engineering Bay, Marine, Marauder  
  148  10:06  Ghost Academy  
  156  10:09  Marauder  
  140  10:18  Marine x2  
  127  10:23  Marine x2  
  127  10:25  SCV x2, Siege Tank, Marauder x2  
  127  10:27  Liberator x2  
  142  10:30  Marine  
  136  10:36  Marine x2  
  136  10:41  Marine  
Tags
 
Add a new tag
Caveats
  • Supply blocks, unpowered buildings, or Contaminate may cause inaccurate times.
  • Supply counts are checked every 10 seconds.